 Dungeon Crawl Stone Soup version 0.31-a0-222-gefeffbb62a (webtiles) character file.

Game seed: 4641854983950779658

35 qw the Shooter (level 3, 0/29 HPs)
             Began as a Minotaur Hexslinger on July 5, 2023.
             Slain by an orc
             ... wielding a +0 hand axe
              (7 damage)
             ... on level 3 of the Dungeon.
             The game lasted 00:00:16 (541 turns).

qw the Shooter (Minotaur Hexslinger)                 Turns: 541, Time: 00:00:17

Health: 0/29       AC:  3    Str: 12    XL:     3   Next: 16%
Magic:  3/3        EV: 13    Int: 10    God:
Gold:   46         SH:  0    Dex: 20    Spells: 3/4 levels left

rFire   . . .        Y - +1 sling
rCold   . . .        (no shield)
rNeg    . . .        c - +0 robe
rPois   .            (helmet restricted)
rElec   .            (no cloak)
rCorr   .            h - +0 pair of gloves
SInv    .            (no boots)
Will    .....        (no amulet)
Stlth   ++           f - +6 ring of dexterity
HPRegen 0.24/turn    (no ring)
MPRegen 0.08/turn

%: no passive effects
@: no status effects
A: horns 2, retaliatory headbutt
a: no special abilities


You were on level 3 of the Dungeon.
You visited 1 branch of the dungeon, and saw 3 of its levels.

You collected 46 gold pieces.


Innate Abilities, Weirdness & Mutations

You have a pair of horns on your head.
You reflexively headbutt those who attack you in melee.


   Skills:
 - Level 2.0 Fighting
 + Level 3.7 Ranged Weapons
 - Level 2.1 Dodging
 - Level 1.0 Spellcasting
 - Level 2.0 Hexes


You had 3 spell levels left.
You knew the following spells:

 Your Spells              Type           Power      Damage    Failure   Level
a - Slow                  Hex            16%        N/A       16%         1

Your spell library contained the following spells:

 Spells                   Type           Power      Damage    Failure   Level
 Inner Flame              Hex/Fire       2%         N/A       56%         3
 Portal Projectile        Hex/Tloc       4%         N/A       56%         3
 Cause Fear               Hex            2%         N/A       83%         4

Inventory:

Hand Weapons
 Y - a +1 sling (weapon)
Armour
 c - a +0 robe (worn)
 h - a +0 pair of gloves (worn)
Jewellery
 f - a +6 ring of dexterity (left hand)
Scrolls
 g - 2 scrolls of identify
Potions
 e - a potion of ambrosia {unknown}
 i - a potion of haste {unknown}

Dungeon Overview and Level Annotations

Branches:
Dungeon (3/15)

Altars:


Message History

The orc shouts!
The orc is severely wounded.
You hear a shout!
A quokka comes into view.
An orc comes into view. It is wielding a +0 hand axe.
You shoot a sling bullet. The orc shouts!
The sling bullet hits the quokka but does no damage.
An orc comes into view. It is wielding a +0 club.
You shoot a sling bullet.
The sling bullet completely misses the quokka.
The orc shouts!
An orc priest comes into view. It is wielding a +0 club.
You shoot a sling bullet. The sling bullet hits the quokka!
You kill the quokka!
You shoot a sling bullet. The sling bullet hits the orc.
You kill the orc!
The orc priest calls down the wrath of Beogh upon you.
Beogh smites you!
You shoot a sling bullet. The sling bullet barely misses the orc.
The sling bullet hits the orc.
The orc is heavily wounded.
You shoot a sling bullet. The sling bullet barely misses the orc.
You shoot a sling bullet. The sling bullet hits the orc.
The orc is heavily wounded.
The orc hits you with a +0 hand axe.
You shoot a sling bullet. The sling bullet hits the orc.
The orc is almost dead.
The orc barely misses you. The orc misses you.
You shoot a sling bullet. The sling bullet barely misses the orc.
The orc hits you with a +0 club. The orc hits you with a +0 hand axe.
You shoot a sling bullet. The sling bullet hits the orc.
You kill the orc!
You shoot a sling bullet. The sling bullet hits the orc.
The orc is lightly wounded.
The orc hits you with a +0 hand axe.
You shoot a sling bullet. The sling bullet hits the orc.
The orc is almost dead.
The orc priest closely misses you. The orc hits you with a +0 hand axe!
You die...

#...
##....
......
#.....
....# .).
..
#o####....
#o@....#
#..##.>...
#..## #..
#...#
#.#...#
...
##.....
#### ...#.
#>.. .##


You could see an orc priest and an orc.

Vanquished Creatures
  3 dart slugs (D:1)
  2 orcs (D:3)
  2 endoplasms (D:1)
  A giant cockroach (D:1)
  2 goblins
  3 hobgoblins (D:1)
  2 quokkas
  4 ball pythons (D:1)
  A bat (D:1)
  4 kobolds (D:1)
  4 rats (D:1)
28 creatures vanquished.

Notes
Turn   | Place    | Note
-------+----------+-------------------------------------------
     0 | D:1      | qw the Minotaur Hexslinger began the quest for the Orb.
     0 | D:1      | Reached XP level 1. HP: 16/16 MP: 1/1
     0 | D:1      | 0 ||| qw: Version: 0.3-a-46-gb1f654a
     0 | D:1      | 0 ||| qw: Game counter: 1058
     0 | D:1      | 0 ||| qw: Melee chars always use a shield: true
     0 | D:1      | 0 ||| qw: God list: Okawaru
     0 | D:1      | 0 ||| qw: Allow faded altars: false
     0 | D:1      | 0 ||| qw: Do Orc after clearing Dungeon:15 true
     0 | D:1      | 0 ||| qw: Do second Lair branch before Depths: true
     0 | D:1      | 0 ||| qw: Lair rune preference: random
     0 | D:1      | 0 ||| qw: Goals: Normal
     0 | D:1      | 0 ||| PLANNING D:1-11
    72 | D:1      | Reached skill level 3 in Ranged Weapons
    73 | D:1      | Reached XP level 2. HP: 23/23 MP: 2/2
   294 | D:1      | 294 ||| FLEEEEING.
   295 | D:1      | 295 ||| FLEEEEING.
   296 | D:1      | 296 ||| FLEEEEING.
   297 | D:1      | 297 ||| FLEEEEING.
   350 | D:1      | Found a faded altar of an unknown god.
   368 | D:1      | Reached XP level 3. HP: 29/29 MP: 3/3
   457 | D:1      | 457 ||| UPGRADING to +0 pair of gloves.
   462 | D:1      | 462 ||| UPGRADING to +6 ring of dexterity.
   463 | D:1      | 463 ||| READING scroll labelled BUDDEOQOFEA.
   464 | D:1      | 464 ||| READING 2 scrolls labelled EGERAFOULA.
   465 | D:1      | 465 ||| DROPPING scroll of poison.
   524 | D:2      | You fall into a shaft and drop 1 floor!
   525 | D:3      | 525 ||| PLANNING SEWER
   538 | D:3      | HP: 7/29 [orc/+0 hand axe (3)]
   541 | D:3      | Slain by an orc

Levels and vault maps discovered:
D:1:      psy_arrival_terrarium, layout_rooms,
          shapermc_ecumenical_altar_notcrosses
D:2:      layout_loops_cross, minmay_misc_feat_plants, minmay_ruptured
D:3:      layout_basic, gammafunk_ghost_cemetery, gup_sewer_entry_spiral,
          uniq_terence, uniq_ijyb, uniq_grinder

Skill      XL: |  1  2 |
---------------+-------+-----
Ranged Weapons | 3 |  3.7
Fighting       | 2 |  2.0
Dodging        | |  2.1
Spellcasting   | |  1.0
Hexes          | |  2.0

Action                     || total
---------------------------++-------
   Fire: Sling             ||    68
    Use: Scroll            ||     2
 Armour: Robe              ||     1
  Dodge: Dodged            ||     3

Table legend:
 A = Non-vault XP
 B = Vault XP
 C = Vault XP percentage of total XP
 D = Non-vault monster count
 E = Vault monster count
 F = Vault count percentage of total count
                 A         B        C        D         E       F
            +---------+---------+-------+---------+---------+-------
      Total |      50 |       0 |   0.0 |      28 |       0 |   0.0
            +---------+---------+-------+---------+---------+-------
        D:1 |      41 |       0 |   0.0 |      24 |       0 |   0.0
        D:2 |       1 |       0 |   0.0 |       1 |       0 |   0.0
        D:3 |       8 |       0 |   0.0 |       3 |       0 |   0.0
            +---------+---------+-------+---------+---------+-------
